 Dungeon Crawl Stone Soup version 0.29.1-13-g9f3cf754e1 (webtiles) character file.

Game seed: 15830214734035937833

81 tizbic2 the Shooter (level 4, -1/34 HPs)
             Began as a Formicid Hunter on Jan 25, 2023.
             Killed by divine providence
             ... invoked by an orc priest
              (12 damage)
             ... on level 3 of the Dungeon.
             The game lasted 00:11:27 (2217 turns).

tizbic2 the Shooter (Formicid Hunter)               Turns: 2217, Time: 00:11:28

Health: -1/34      AC:  6    Str: 15    XL:     4   Next: 67%
Magic:  5/5        EV: 11    Int: 11    God:
Gold:   74         SH:  0    Dex: 17    Spells: 4/5 levels left

rFire   . . .      SeeInvis +   a - +0 shortbow
rCold   . . .      Faith    .   (no shield)
rNeg    . . .      Spirit   .   g - +0 ring mail
rPois   .          Reflect  .   (helmet unavailable)
rElec   .          Harm     .   (no cloak)
rCorr   .          Rampage  .   (no gloves)
Will    .....                   f - +0 pair of boots
Stlth   +.........              (no amulet)
HPRegen 0.11/turn               (no ring)
MPRegen 0.09/turn               (no ring)

@: no status effects
A: permanent stasis, dig shafts and tunnels, antennae 3, four strong arms
a: Dig, Shaft Self


You were on level 3 of the Dungeon.
You visited 1 branch of the dungeon, and saw 3 of its levels.

You collected 74 gold pieces.

Inventory:

Hand Weapons
 a - a +0 shortbow (weapon)
 e - a +0 dagger
 p - a +0 vorpal sling
Missiles
 j - 3 poisoned darts
 l - 31 stones
Armour
 f - a +0 pair of boots (worn)
 g - a +0 ring mail (worn)
Scrolls
 b - 2 scrolls of immolation
 c - a scroll of identify {unknown}
 n - 2 scrolls of torment {unknown}
Potions
 d - a potion of degeneration {unknown}
 h - a potion of haste
 i - a potion of resistance {unknown}
 k - 2 potions of ambrosia {unknown}
 m - a potion of cancellation {unknown}
 o - a potion of curing {unknown}


   Skills:
 + Level 2.8 Fighting
 * Level 4.6 Ranged Weapons
 - Level 1.9 Dodging
 - Level 1.5 Stealth
 + Level 1.8 Shields
 + Level 1.0 Spellcasting
 * Level 1.2 Transmutations


You had 4 spell levels left.
You knew the following spells:

 Your Spells              Type           Power      Damage    Failure   Level
a - Beastly Appendage     Tmut           6%         N/A       36%         1

Your spell library contained the following spells:

 Spells                   Type           Power      Damage    Failure   Level
 Wereblood                Tmut           3%         N/A       52%         2
 Freeze                   Ice            0%         1d3       54%         1
 Spider Form              Tmut/Pois      1%         N/A       83%         3
 Frozen Ramparts          Ice            0%         1d1       88%         3
 Hailstorm                Conj/Ice       0%         3d3       99%         4


Dungeon Overview and Level Annotations

Branches:
Dungeon (3/15)

Altars:
Elyvilon
Yredelemnul


Innate Abilities, Weirdness & Mutations

You cannot be hasted, slowed, berserked, paralysed or teleported.
You can dig through walls and to a lower floor.
You have a pair of large antennae on your head. (SInv)
Your four strong arms can wield two-handed weapons with a shield.


Message History

You kill the orc wizard!
You feel very sick. The orc priest hits you with a +0 club.
You shoot an arrow. The arrow barely misses the orc priest.
The arrow hits the worm.
The worm is moderately wounded.
You feel sick. The orc priest hits you with a +0 club.
You shoot an arrow. The arrow hits the orc priest.
The orc priest is moderately wounded.
You feel sick. The orc priest hits you with a +0 club.
The orc priest barely misses you.
You shoot an arrow. The arrow hits the orc priest.
The orc priest is heavily wounded.
You feel sick. The orc priest closely misses you.
You are too injured to fight recklessly!
You are too injured to fight recklessly!
Unknown command.
You are too injured to fight recklessly!
You are too injured to fight recklessly!
You are too injured to fight recklessly!
It was a potion of haste.
Your stasis prevents you from being hasted.
You feel sick. The orc priest barely misses you.
Fire: a) +0 shortbow
Press: ? - help, Q - select action, (/) - cycle Shift-Dir - straight line, f/p - orc priest
Aim: an orc priest, wielding a +0 club and wearing a +0 scale mail (heavily wounded, 66% to hit)
You shoot an arrow. The arrow hits the orc priest.
The orc priest is almost dead.
You feel sick.
You are no longer poisoned.
The orc priest hits you with a +0 club.
Fire: a) +0 shortbow
Press: ? - help, Q - select action, (/) - cycle Shift-Dir - straight line, f/p - orc priest
Aim: an orc priest, wielding a +0 club and wearing a +0 scale mail (almost dead, 66% to hit)
You shoot an arrow.
The arrow hits the orc priest but does no damage.
The orc priest is almost dead.
The orc priest calls down the wrath of Beogh upon you.
Beogh smites you!
You die...

.†.........#####.####
#...............##
#..<##..§≈≈≈§≈≈..#
#...##.≈≈≈§§≈....#.
#......≈≈_..§.8)...
##.###...##.≈≈§§≈≈§..#.#
rw.....wJ##..≈§≈≈§≈≈...#
...####o###...§.§§§..###
#@# ############ #.# ..#
####


You could see a worm, an orc priest and an endoplasm.

Vanquished Creatures
  2 orc wizards (D:3)
  2 worms (D:2)
  A dart slug (D:1)
  2 orcs (D:3)
  3 ball pythons
  6 bats
  3 endoplasms (D:1)
  A giant cockroach (D:1)
  2 goblins (D:1)
  9 hobgoblins
  A quokka (D:1)
  4 rats
36 creatures vanquished.

Notes
Turn   | Place    | Note
-------+----------+-------------------------------------------
     0 | D:1      | tizbic2 the Formicid Hunter began the quest for the Orb.
     0 | D:1      | Reached XP level 1. HP: 16/16 MP: 1/1
   131 | D:1      | Reached XP level 2. HP: 16/23 MP: 2/2
   508 | D:1      | Learned a level 1 spell: Beastly Appendage
   577 | D:1      | Reached XP level 3. HP: 23/28 MP: 3/3
   658 | D:1      | Reached skill level 1 in Shields
  1195 | D:2      | Found a white marble altar of Elyvilon.
  2142 | D:3      | Found a basalt altar of Yredelemnul.
  2208 | D:3      | Reached XP level 4. HP: 32/34 MP: 5/5
  2210 | D:3      | Reached skill level 1 in Spellcasting
  2210 | D:3      | Reached skill level 1 in Transmutations
  2217 | D:3      | Killed from afar by an orc priest

Illustrated notes

Levels and vault maps discovered:
D:1:      scummos_arrival_gate, layout_loops_corners, st_stairs_8
D:2:      layout_loops_corners, basic_altar
D:3:      layout_loops_ring, mainiacjoe_overflow_catwalk,
          mainiacjoe_overflow_two_lobes, nicolae_figureground_sparkle,
          uniq_natasha

Skill      XL: |  1  2  3  4 |
---------------+-------------+-----
Shields        | 1 |  1.8
Spellcasting   | 1 |  1.0
Transmutations | 1 |  1.2
Fighting       | |  2.8
Ranged Weapons | |  4.6
Dodging        | |  1.9
Stealth        | |  1.5

Action                   |  1- 3 |  4- 6 || total
-------------------------+-------+-------++-------
Melee: Shortbow          |     7 |       ||     7
       Dagger            |    12 |       ||    12
 Fire: Shortbow          |   121 |     9 ||   130
       Sling             |     3 |       ||     3
 Cast: Beastly Appendage |     1 |       ||     1
 Abil: Dig               |     1 |       ||     1
  Use: Scroll            |     1 |       ||     1
       Potion            |       |     1 ||     1
Armor: Leather armour    |     8 |       ||     8
       Ring mail         |    17 |     1 ||    18
Dodge: Dodged            |    57 |     5 ||    62
